 Dungeon Crawl Stone Soup version 0.30-a0-1050-g2766ea1e55 (webtiles) character file.

Game seed: 15099723299935351621

53 Ic0nGaming the Cutter (level 4, -4/28 HPs)
             Began as a Kobold Fighter on Apr 10, 2023.
             Slain by Sigmund
             ... wielding a +2 scythe of venom
              (8 damage)
             ... on level 2 of the Dungeon.
             The game lasted 00:02:54 (1321 turns).

Ic0nGaming the Cutter (Kobold Fighter)              Turns: 1321, Time: 00:02:55

Health: -4/28      AC:  6    Str: 15    XL:     4   Next: 10%
Magic:  4/4        EV:  7    Int:  9    God:
Gold:   38         SH:  4    Dex: 14    Spells: 3/3 levels left

rFire   . . .      SeeInvis .    a - +0 rapier
rCold   . . .      Faith    .    c - +0 buckler
rNeg    . . .      Spirit   .    b - +0 scale mail
rPois   .          Reflect  .    (no helmet)
rElec   .          Rampage  .    (no cloak)
rCorr   .                        (no gloves)
Will    .....                    (no boots)
Stlth   +                        (no amulet)
HPRegen 0.24/turn                (no ring)
MPRegen 0.09/turn                (no ring)

@: mighty, lethally poisoned (-4 -> -14), constricted
A: small, no large weapons, nightstalker 3
a: no special abilities


You were on level 2 of the Dungeon.
You visited 1 branch of the dungeon, and saw 2 of its levels.

You collected 38 gold pieces.

Inventory:

Hand Weapons
 a - a +0 rapier (weapon)
Armour
 b - a +0 scale mail (worn)
 c - a +0 buckler (worn)
Potions
 f - a potion of brilliance {unknown}
 j - a potion of ambrosia


   Skills:
 - Level 3.2 Fighting
 * Level 5.2 Short Blades
 - Level 2.4 Armour
 + Level 1.3 Stealth
 - Level 2.4 Shields


You had 3 spell levels left.
You didn't know any spells.
Your spell library was empty.

Dungeon Overview and Level Annotations

Branches:
Dungeon (2/15)

Altars:

Annotations:
D:2 Sigmund


Innate Abilities, Weirdness & Mutations

You are small and have problems with some larger weapons.
You are completely attuned to the shadows.


Message History

You puncture the endoplasm!
You kill the endoplasm!
The ball python barely misses you. x2
The ball python attacks as you move away!
The ball python bites you. The ball python barely misses you.
The endoplasm quivers.
The ball python attacks as you move away!
The ball python bites you.
The ball python attacks as you move away!
The ball python barely misses you. x2; The ball python closely misses you.
The ball python barely misses you. The endoplasm closely misses you.
The endoplasm attacks as you move away!
The endoplasm hits you but does no damage.
The ball python attacks as you move away!
You block the ball python's attack. x2
You closely miss the ball python.
The ball python bites you but does no damage.
The ball python grabs you. The ball python constricts you. Something hits you!
You are poisoned.
The endoplasm hits you but does no damage.
Unknown command.
You feel very mighty all of a sudden.
You feel very sick. You block the ball python's attack.
The ball python constricts you. The endoplasm hits you.
The ball python closely misses you. The ball python constricts you.
You feel better. Something hits you.
You are poisoned.
The ball python bites you. The ball python constricts you.
The endoplasm hits you but does no damage.
You barely miss the ball python.
You feel very sick.
The ball python bites you but does no damage.
The ball python constricts you.
* * * LOW HITPOINT WARNING * * *
The endoplasm freezes you.
You are frozen.
* * * LOW HITPOINT WARNING * * *
Something hits you!
You die...

#.##############)###
#.##........# #.#
#.##.######.# #.#
#.##........# #.#
#.##........# #.#
#.##........# #.#
#..........{# #.#
#####.....JS# #.#
#....# ......@# #.#
#....#.# w......#
#.# #....#.# .....#
#.# #....#.# .....#
#.####....#.# ######
#............
###########.# #.#
#.# #.#


You could see an endoplasm and a ball python.

Vanquished Creatures
  An adder (D:2)
  2 dart slugs
  2 bats (D:1)
  4 endoplasms
  A giant cockroach (D:1)
  7 goblins
  A hobgoblin (D:1)
  4 jackals
  3 kobolds
  2 quokkas
  2 ball pythons (D:1)
  2 frilled lizards (D:1)
  5 rats
36 creatures vanquished.

Notes
Turn   | Place    | Note
-------+----------+-------------------------------------------
     0 | D:1      | Ic0nGaming the Kobold Fighter began the quest for the Orb.
     0 | D:1      | Reached XP level 1. HP: 14/14 MP: 1/1
    59 | D:1      | Reached skill level 3 in Short Blades
   104 | D:1      | Reached XP level 2. HP: 19/19 MP: 2/2
   225 | D:1      | Reached skill level 4 in Short Blades
   500 | D:1      | Reached XP level 3. HP: 23/23 MP: 3/3
  1060 | D:2      | Reached skill level 5 in Short Blades
  1060 | D:2      | Reached skill level 1 in Stealth
  1148 | D:2      | Reached XP level 4. HP: 28/28 MP: 4/4
  1275 | D:2      | Noticed Sigmund
  1321 | D:2      | Slain by Sigmund

Illustrated notes

Levels and vault maps discovered:
D:1:      minmay_arrival_open_corners, layout_basic, serial_bayou_pond_d
D:2:      layout_basic, uniq_sigmund, uniq_crazy_yiuf_cottage

Skill      XL: |  1  2  3 |
---------------+----------+-----
Short Blades   | 3 4 5 |  5.2
Stealth        | 1 |  1.3
Fighting       | |  3.2
Armour         | |  2.4
Shields        | |  2.4

Action                     |  1- 3 |  4- 6 || total
---------------------------+-------+-------++-------
  Melee: Rapier            |   114 |     6 ||   120
    Use: Scroll            |     5 |       ||     5
         Potion            |       |     2 ||     2
   Stab: Sleeping          |     1 |     1 ||     2
 Armour: Scale mail        |    48 |    11 ||    59
  Dodge: Dodged            |    79 |    23 ||   102
  Block: Buckler           |    20 |     8 ||    28

Table legend: (Time is in decaauts)
 A = Elapsed time spent in this place.
 B = Non-inter-level travel time spent in this place.
 C = Inter-level travel time spent in this place.
 D = Time resting spent in this place.
 E = Time spent auto-exploring this place.
 F = Levels seen in this place.
 G = Mean time per level.
                   A        B        C        D        E       F      G
               +--------+--------+--------+--------+--------+-----+--------+
         Total |   1327 |   1282 |     45 |    122 |    902 |   2 |  663.5 |
       Dungeon |   1327 |   1282 |     45 |    122 |    902 |   2 |  663.5 |
               +--------+--------+--------+--------+--------+-----+--------+

Top non-repeatable levels by time:
     D:1: 1017 daAuts
     D:2: 309 daAuts
